 Dungeon Crawl Stone Soup version 0.29-a0-330-g52719c12eb (webtiles) character file.

Game seed: 8247846133184347387

280 jmlagarto the Skirmisher (level 6, 0/82 HPs)
             Began as a Hill Orc Abyssal Knight on Apr 14, 2022.
             Was a Believer of Lugonu.
             Slain by an ogre
             ... wielding a +0 giant spiked club
              (17 damage)
             ... on level 3 of the Dungeon.
             The game lasted 00:04:05 (2197 turns).

jmlagarto the Skirmisher (Hill Orc Abyssal Knight)  Turns: 2197, Time: 00:04:06

Health: 0/82       AC: 26    Str: 18    XL:     6   Next: 27%
Magic:  9/9        EV:  2    Int: 10    God:    Lugonu [**....]
Gold:   88         SH:  4    Dex: 11    Spells: 5/5 levels left

rFire   . . .      SeeInvis .   a - +1 hand axe
rCold   . . .      Faith    .   l - +1 buckler {AC+3}
rNeg    . . .      Spirit   .   (body armour currently unavailable)
rPois   +          Reflect  .   (helmet currently unavailable)
rElec   .          Harm     .   (cloak currently unavailable)
rCorr   .          Rampage  .   (gloves currently unavailable)
Will    .....      NoTele   +   (boots currently unavailable)
Stlth   +.........              (no amulet)
HPRegen 0.23/turn               (no ring)
MPRegen 0.11/turn               (no ring)

@: tree-form
A: stationary, stasis, torment immunity, boosted hp
a: Renounce Religion, Depart the Abyss, Bend Space


You were on level 3 of the Dungeon.
You worshipped Lugonu.
Lugonu was pleased with you.
You were a tree.
You visited 1 branch of the dungeon, and saw 3 of its levels.
You visited the Abyss 1 time.

You collected 88 gold pieces.

Inventory:

Hand Weapons
 a - a +1 hand axe (weapon)
Armour
 b - a +0 leather armour
 f - a +1 pair of gloves (melded)
 i - a +0 scale mail (melded)
 j - a +1 hat (melded)
 l - a +1 buckler of protection (worn)
Scrolls
 d - a scroll of amnesia {unknown}
 g - a scroll of vulnerability {unknown}
 k - a scroll of silence {unknown}
 n - a scroll of immolation {unknown}
Potions
 c - a potion of cancellation {unknown}
 e - a potion of flight {unknown}
 m - 2 potions of curing


   Skills:
 + Level 4.9 Fighting
 + Level 4.3 Axes
 + Level 3.6 Armour
 + Level 2.2 Dodging
 + Level 4.3 Invocations


You had 5 spell levels left.
You didn't know any spells.
Your spell library contained the following spells:

 Spells                   Type           Power      Damage    Failure   Level
 Slow                     Hex            0%         N/A       45%         1
 Confusing Touch          Hex            0%         N/A       83%         3
 Vampiric Draining        Necr           0%         2d6       83%         3


Dungeon Overview and Level Annotations

Branches:
Dungeon (3/15)

Altars:
Hepliaklqana


Message History

You slash the ogre!
The ogre is heavily wounded.
You barely miss the ogre.
The ogre is heavily wounded.
The ogre hits you with a +0 giant spiked club!
You barely miss the ogre.
The ogre is heavily wounded.
The ogre hits you with a +0 giant spiked club!
You hit the ogre.
The ogre is heavily wounded.
The ogre hits you with a +0 giant spiked club!
Really quaff the potion of lignification? [Y]es or [N]o only, please.
Really quaff the potion of lignification?
You turn into a tree.
Your +1 hat melds into your body.
Your +1 pair of gloves melds into your body.
Your +0 scale mail melds into your body.
Your roots penetrate the ground.
You hit the ogre but do no damage.
The ogre is heavily wounded.
The ogre hits you but does no damage.
You hit the ogre.
The ogre is severely wounded.
You block the ogre's attack.
You hit the ogre but do no damage.
The ogre is severely wounded.
The ogre hits you with a +0 giant spiked club!!
* * * LOW HITPOINT WARNING * * *
You barely miss the ogre.
The ogre is severely wounded.
You barely miss the ogre.
The ogre is severely wounded.
The ogre completely misses you.
You hit the ogre.
The ogre is almost dead.
The ogre hits you but does no damage.
You hit the ogre.
The ogre is almost dead.
The ogre hits you with a +0 giant spiked club!
You die...

#.......##.# #.#
#.#.#.#.#..# #.###
#.......#.####....
#####.##....##.#.#
####<##....##....
##..)÷......##.#.#
#..#.#.#.#..##....
#.##.......###....
#♣##.#.#.#.# #....
#..O..........###.###
.....##.##.#.#.#...#.#
.((. #.##......[#...#
##. ....#########..# #
...) #...# .... #####
#####


You could see an ogre.

Vanquished Creatures
  Sigmund (D:2)
  A hound (D:3)
  Terence (D:3)
  2 adders (D:2)
  2 worms (D:2)
  A dart slug (D:2)
  2 endoplasms
  A giant cockroach (D:2)
  5 goblins
  A hobgoblin (D:2)
  3 kobolds (D:1)
  A quokka (D:3)
  A ball python (D:3)
  3 bats
25 creatures vanquished.

Notes
Turn   | Place    | Note
-------+----------+-------------------------------------------
     0 | Abyss:1  | jmlagarto the Hill Orc Abyssal Knight began the quest for
                  | the Orb.
     0 | Abyss:1  | Reached XP level 1. HP: 19/19 MP: 2/2
    11 | D:1      | Escaped the Abyss
   156 | D:1      | Reached skill level 1 in Dodging
   156 | D:1      | Reached XP level 2. HP: 22/27 MP: 3/3
   298 | D:1      | Found a faded altar of an unknown god.
   520 | D:2      | Noticed Sigmund
   818 | D:2      | Found a hazy altar of Hepliaklqana.
  1154 | D:2      | HP: 1/27 [Sigmund/+0 scythe (2)]
  1159 | D:2      | Killed Sigmund
  1160 | D:2      | Reached XP level 3. HP: 7/34 MP: 5/5
  1160 | D:2      | Reached XP level 4. HP: 9/41 MP: 6/6
  1160 | D:2      | Reached XP level 5. HP: 10/47 MP: 7/7
  1921 | D:3      | Noticed Terence
  1929 | D:3      | Reached XP level 6. HP: 51/53 MP: 9/9
  1940 | D:3      | Killed Terence
  2197 | D:3      | Slain by an ogre

Illustrated notes

Levels and vault maps discovered:
D:1:      dpeg_arrival_rooms_a, layout_basic, basic_ecumenical_altar
D:2:      layout_basic, basic_altar, uniq_sigmund
D:3:      layout_rooms, marbit_many_paths, serial_glass, glass_columns_a,
          glass_columns_b, glass_columns_a, glass_columns_a, glass_columns_b,
          glass_columns_a, glass_columns_a, glass_columns_b, glass_columns_c,
          glass_columns_b, uniq_terence

Skill      XL: |  1  2  3  4  5 |
---------------+----------------+-----
Dodging        | 1 2 |  2.2
Axes           | 4 |  4.3
Fighting       | 4 |  4.9
Armour         | 3 |  3.6
Invocations    | 3 4 |  4.3

Action                   |  1- 3 |  4- 6 || total
-------------------------+-------+-------++-------
Melee: Hand axe          |    44 |    71 ||   115
Throw: Javelin           |       |     3 ||     3
  Use: Potion            |     4 |     1 ||     5
 Stab: Invisible         |     2 |       ||     2
Armor: Leather armour    |     6 |       ||     6
       Skin              |     9 |     2 ||    11
       Scale mail        |     1 |    29 ||    30
Dodge: Dodged            |    28 |    32 ||    60
Block: Buckler           |       |     9 ||     9

Table legend: (Time is in decaauts)
 A = Elapsed time spent in this place.
 B = Non-inter-level travel time spent in this place.
 C = Inter-level travel time spent in this place.
 D = Time resting spent in this place.
 E = Time spent auto-exploring this place.
 F = Levels seen in this place.
 G = Mean time per level.
                   A        B        C        D        E       F      G
               +--------+--------+--------+--------+--------+-----+--------+
         Total |   2214 |   2083 |    131 |    444 |   1298 |   4 |  553.5 |
       Dungeon |   2203 |   2072 |    131 |    444 |   1295 |   3 |  734.3 |
         Abyss |     11 |     11 |      0 |      0 |      3 |   1 |   11.0 |
               +--------+--------+--------+--------+--------+-----+--------+

Top non-repeatable levels by time:
     D:2: 1126 daAuts
     D:1: 793 daAuts
     D:3: 282 daAuts
 Abyss:1: 11 daAuts
